 Dungeon Crawl Stone Soup version 0.18.1-6-gd335043 (webtiles) character file.

534 MirrMurr the Covert (level 7, -5/32 HPs)
             Began as a Spriggan Enchanter on May 15, 2016.
             Killed from afar by an orc wizard (10 damage)
             ... with a magic dart
             ... on level 4 of the Dungeon.
             The game lasted 00:13:58 (3746 turns).

MirrMurr the Covert (Spriggan Enchanter)            Turns: 3746, Time: 00:13:59

Health: -5/32      AC:  3    Str:  9    XL:     7   Next: 4%
Magic:  1/16       EV: 18    Int: 18    God:
Gold:   121        SH:  0    Dex: 17    Spells: 4 memorised, 7 levels left

rFire  . . .     SeeInvis +     a - +3 dagger
rCold  . . .     Gourm    .     b - +1 robe
rNeg   . . .     Faith    .     (shield restricted)
rPois  .         Spirit   .     (helmet restricted)
rElec  .         Dismiss  .     (no cloak)
rCorr  .         Reflect  .     (gloves unavailable)
SustAt .         Harm     .     (boots unavailable)
MR     +....                    (no amulet)
Stlth  +++++.....               (no ring)
                                (no ring)

@: mighty, very slightly contaminated, very quick, somewhat resistant to hostile
enchantments, quite stealthy
A: unfitting armour, see invisible, herbivore 3, speed 3, slow metabolism 2
a: no special abilities


You were on level 4 of the Dungeon.
You were full.

You visited 1 branch of the dungeon, and saw 4 of its levels.

You collected 121 gold pieces.

Inventory:

Hand Weapons
 a - a +3 dagger (weapon)
Missiles
 e - 74 stones (quivered)
 k - 8 poisoned needles
 o - 2 tomahawks of dispersal
Armour
 b - a +1 robe (worn)
 p - a +0 buckler
Scrolls
 f - a scroll of fog
 i - a scroll of identify
 l - 2 scrolls of teleportation
 m - 2 scrolls of enchant weapon
 r - 2 scrolls of remove curse
Potions
 h - a potion of agility
 j - a potion of lignification
Books
 c - a book of Maledictions

   Spells                             Type                      Level
   a - Corona                         Hexes                        1
   b - Ensorcelled Hibernation        Hexes/Ice                    2
   c - Confuse                        Hexes                        3
   d - Tukima's Dance                 Hexes                        3
   e - Dazzling Spray                 Conjuration/Hexes            3
Comestibles
 d - 2 bread rations


   Skills:
 - Level 1.1 Short Blades
 - Level 3.0 Dodging
 * Level 10.7 Stealth
 + Level 5.3 Spellcasting
 - Level 3.6 Hexes


You had 7 spell levels left.
You knew the following spells:

 Your Spells              Type           Power        Failure   Level  Hunger
a - Ensorcelled Hibernat  Hex/Ice        ##....       12%         2    #......
b - Confuse               Hex            ###.....     12%         3    ##.....
c - Corona                Hex            ###....      3%          1    None
d - Dazzling Spray        Conj/Hex       ##......     21%         3    ##.....


Dungeon Overview and Level Annotations

Branches:
Dungeon (4/15)
 Temple: D:4-7

Altars:
Ru

Annotations:
D:4 GordonOverkill's ghost, amateur MfAK


Innate Abilities, Weirdness & Mutations

You are tiny and cannot use many weapons and most armour.
You have supernaturally acute eyesight.
You are a herbivore.
You cover ground extremely quickly.
You need consume almost no food.


Message History

Aim: an orc wizard, wielding a dagger and wearing a robe (slightly transparent, chance to defeat MR: 42%)
The orc wizard resists with some effort.
The orc wizard gestures at you while chanting.
The puff of flame hits you!
* * * LOW HITPOINT WARNING * * *
Casting: Ensorcelled Hibernation
Confirm with . or Enter, or press ? or * to list all spells.
You don't have enough magic to cast that spell.
Unknown command.
Drink which item? (? for menu, Esc to quit)
You feel very mighty all of a sudden.
The orc wizard hits you but does no damage.
You puncture the orc wizard!
The orc wizard is severely wounded.
The orc wizard closely misses you.
You miss the orc wizard.
The orc wizard is severely wounded.
The orc wizard casts a spell at you. The magic dart hits you!
You die...

#........# #.######.#
###########.# #.#
............# #.#
######.#.#.######.# #
#..........#.# #
#.#.#..###.#.# #
##############.....####.#.###
#.[.......)o@................
#......#########.#.######....
#.....# #.#.# #......# #....o
#.#.# #.##...# #.... #.#.#
#.#....# #.... #.#.. #.#.....
#.... #.#####.#.....
#....o##########.#...........
o..............#.#######.##


You could see an orc wizard (invisible).

Vanquished Creatures
  Grinder (D:4)
  The ghost of MirrMurr the Sneak, an amateur SpEn (D:3)
  A hound (D:4)
  A worker ant (D:4)
  An iguana (D:4)
  2 orc wizards (D:3)
  A hound skeleton (D:4)
  3 gnolls
  3 adders
  3 dart slugs (D:2)
  2 giant geckos
  6 orcs
  A ball python (D:1)
  2 giant cockroaches (D:2)
  5 goblins
  7 hobgoblins
  3 jackals (D:1)
  A quokka (D:2)
  15 bats
  3 giant newts
  4 kobolds
  5 rats
71 creatures vanquished.

Notes
Turn   | Place    | Note
--------------------------------------------------------------
     0 | D:1      | MirrMurr the Spriggan Enchanter began the quest for the Orb.
     0 | D:1      | Reached XP level 1. HP: 9/9 MP: 5/5
   391 | D:1      | You fall through a shaft!
   404 | D:2      | Reached skill level 5 in Stealth
   433 | D:2      | Reached XP level 2. HP: 13/13 MP: 6/6
   455 | D:2      | Learned a level 2 spell: Ensorcelled Hibernation
   572 | D:1      | Reached skill level 6 in Stealth
   635 | D:1      | Reached XP level 3. HP: 11/16 MP: 2/8
   640 | D:1      | Learned a level 3 spell: Confuse
  1664 | D:2      | Reached skill level 7 in Stealth
  1989 | D:2      | Reached XP level 4. HP: 16/21 MP: 9/9
  1999 | D:2      | Learned a level 3 spell: Dazzling Spray
  2305 | D:3      | Noticed MirrMurr's ghost (amateur SpEn)
  2314 | D:3      | Killed MirrMurr's ghost
  2314 | D:3      | Reached skill level 8 in Stealth
  2314 | D:3      | Reached XP level 5. HP: 23/24 MP: 6/11
  2421 | D:3      | Found a sacrificial altar of Ru.
  2930 | D:4      | Reached skill level 9 in Stealth
  2998 | D:4      | Noticed Grinder
  3005 | D:4      | Killed Grinder
  3005 | D:4      | Reached skill level 10 in Stealth
  3005 | D:4      | Reached skill level 5 in Spellcasting
  3005 | D:4      | Reached XP level 6. HP: 28/28 MP: 9/14
  3473 | D:4      | Noticed GordonOverkill's ghost (amateur MfAK)
  3638 | D:4      | Reached XP level 7. HP: 32/32 MP: 7/15
  3746 | D:4      | Killed from afar by an orc wizard

Skill      XL: |  1  2  3  4  5 |
---------------+----------------+-----
Stealth        | 5 6 7 8 10 | 10.7
Spellcasting   | 3 5 |  5.3
Short Blades   | |  1.1
Dodging        | |  3.0
Hexes          | |  3.6

Action                   |  1- 3 |  4- 6 |  7- 9 || total
-------------------------+-------+-------+-------++-------
Melee: Dagger            |   116 |   105 |     9 ||   230
 Cast: Ensorcelled Hiber |     8 |    13 |     8 ||    29
       Confuse           |       |     5 |       ||     5
  Use: Scroll            |     7 |     7 |       ||    14
       Potion            |       |       |     1 ||     1
 Stab: Sleeping          |    15 |    19 |     3 ||    37
       Confused          |       |     3 |       ||     3
  Eat: Bread ration      |       |     1 |       ||     1
       Pizza             |       |     1 |       ||     1
Armor: Robe              |    21 |    12 |     1 ||    34
Dodge: Dodged            |   110 |    63 |     3 ||   176
